 Dungeon Crawl Stone Soup version 0.29.1-1-gd02db6906a (webtiles) character file.

Game seed: 9459905469308562817

827 Jerry the Shield-Bearer (level 7, -2/38 HPs)
             Began as a Vine Stalker Fighter on Sept 16, 2022.
             Slain by an ogre
             ... wielding a +0 giant club
              (10 damage)
             ... on level 5 of the Dungeon.
             The game lasted 00:09:51 (3847 turns).

Jerry the Shield-Bearer (Vine Stalker Fighter)      Turns: 3847, Time: 00:09:51

Health: -2/38      AC: 12    Str: 19    XL:     7   Next: 97%
Magic:  0/2        EV:  9    Int:  8    God:
Gold:   296        SH:  5    Dex: 15    Spells: 6/6 levels left

rFire   . . .      SeeInvis .   w - +2 dagger (antimagic)
rCold   + . .      Faith    .   c - +0 buckler
rNeg    . . .      Spirit   +   b - +0 scale mail
rPois   .          Reflect  .   v - +2 helmet
rElec   .          Harm     .   (no cloak)
rCorr   .          Rampage  .   o - +1 pair of gloves
Will    .....                   (no boots)
Stlth   ..........              (no amulet)
HPRegen 0.92/turn               m - ring of protection from cold
MPRegen 0.08/turn               (no ring)

@: no status effects
A: fangs 2, regeneration 1, magic shield, antimagic bite, no potion heal 2
a: no special abilities


You were on level 5 of the Dungeon.
You visited 2 branches of the dungeon, and saw 7 of its levels.

You collected 296 gold pieces.

Inventory:

Hand Weapons
 a - a +1 rapier
 w - a +2 antimagic dagger (weapon)
Missiles
 f - 20 poisoned darts (quivered)
 t - 2 throwing nets
Armour
 b - a +0 scale mail (worn)
 c - a +0 buckler (worn)
 o - a +1 pair of gloves (worn)
 v - a +2 helmet (worn)
Jewellery
 m - a ring of protection from cold (left hand)
 r - the ring "Cacsoewn" {Fire Str+4}
   (You found it on level 3 of the Dungeon)

   [ring of fire]

   It enhances your fire magic.
   Str:       It affects your strength (+4).
   rF:        It protects you from fire.
   rC:        It makes you vulnerable to cold.
Scrolls
 h - 2 scrolls of enchant weapon
 l - a scroll of immolation
 n - a scroll of fear
 s - a scroll of identify
 u - a scroll of blinking
 x - a scroll of teleportation {unknown}
 y - 2 scrolls of poison {unknown}
Potions
 d - a potion of attraction
 e - a potion of magic {unknown}
 g - a potion of brilliance
 i - a potion of degeneration {unknown}
 j - 2 potions of curing
 k - 2 potions of berserk rage {unknown}
 p - 2 potions of invisibility
 q - a potion of mutation {unknown}


   Skills:
 + Level 4.7 Fighting
 + Level 4.2 Short Blades
 + Level 4.3 Armour
 + Level 4.7 Shields


You had 6 spell levels left.
You didn't know any spells.
Your spell library contained the following spells:

 Spells                   Type           Power      Damage    Failure   Level
 Conjure Flame            Conj/Fire      0%         6-21      99%         3
 Ignite Poison            Fire/Tmut/Pois 0%         N/A       99%         3
 Sticky Flame             Conj/Fire      0%         2d3       100%        4


Dungeon Overview and Level Annotations

Branches:
Dungeon (6/15)             Temple (1/1) D:5

Altars:
Cheibriados
Dithmenos
Elyvilon
Fedhas
Gozag
Hepliaklqana
Kikubaaqudgha
Makhleb
Okawaru
Ru
Sif Muna
Trog
Vehumet
Wu Jian
Xom
Zin


Innate Abilities, Weirdness & Mutations

You have extremely sharp teeth.
Your natural rate of healing is unusually fast.
When hurt, damage is shared between your health and your magic reserves.
Your bite disrupts and absorbs the magic of your enemies.
Potions cannot restore your health.


Message History

There is a stone staircase leading down here.
You miss the adder. The adder closely misses you.
You hit the adder. Your bite misses the adder.
The adder is lightly wounded.
The adder bites you but does no damage.
You miss the adder. Your bite misses the adder.
The adder is lightly wounded.
The adder barely misses you.
You hit the adder but do no damage. Your bite misses the adder.
The adder is lightly wounded.
The adder bites you but does no damage.
You closely miss the adder. Your bite misses the adder.
The adder is lightly wounded.
The adder closely misses you.
You hit the adder. Your bite misses the adder.
The adder is moderately wounded.
The adder bites you.
You hit the adder.
The adder is heavily wounded.
The adder bites you but does no damage.
You closely miss the adder. You bite the adder.
You kill the adder!
No target in view!
No target in view!
You climb downwards.
The ogre hits you with a +0 giant club!!
Ouch! That really hurt!
The necrophage hits you but does no damage.
There is a stone staircase leading up, spattered with blood here.
The necrophage closely misses you. The ogre hits you with a +0 giant club!
* * * LOW HITPOINT WARNING * * *
You climb upwards.
There is a stone staircase leading down here.
The ogre attacks as you move away! You block the ogre's attack.
The necrophage attacks as you move away!
The necrophage misses you.
The necrophage attacks as you move away!
The necrophage hits you but does no damage.
The ogre attacks as you move away! The ogre hits you with a +0 giant club!
You die...

#.###### #.# #......#####.##
#..........#..#
#######......#####..#
#.......###### #..#
#.......##########..#
######...................##
.....#.......###########))#
.....#..........@n..## ##.##
.....'...........O.†>###...###
.....#.......................#
.....#........###.....###.##.#
.....#........#~~~~~~~~~#.##.#
.....#........#~#.....#~#.##.#
############...~.......~...#.#
#...~.......~.....#
#...~...>...~.....#


You could see an ogre and a necrophage.

Vanquished Creatures
  2 phantoms
  2 necrophages
  A scorpion (D:5)
  2 jellies
  A hound (D:5)
  2 orc priests (D:5)
  Jessica (D:3)
  2 iguanas (D:5)
  3 orc wizards (D:5)
  3 gnolls (D:3)
  5 adders
  A shadow imp (D:5)
  A worm (D:3)
  4 dart slugs
  14 orcs
  5 ball pythons
  4 endoplasms
  9 goblins
  9 hobgoblins
  3 jackals (D:2)
  8 kobolds
  5 quokkas
  6 bats
  6 frilled lizards
  4 rats
103 creatures vanquished.

Notes
Turn   | Place    | Note
-------+----------+-------------------------------------------
     0 | D:1      | Jerry the Vine Stalker Fighter began the quest for the Orb.
     0 | D:1      | Reached XP level 1. HP: 11/11 MP: 2/2
    55 | D:1      | Reached XP level 2. HP: 11/16 MP: 1/3
   463 | D:1      | Reached XP level 3. HP: 20/20 MP: 4/4
   542 | D:1      | Found a faded altar of an unknown god.
  1288 | D:2      | You fall into a shaft and drop 1 floor!
  1649 | D:3      | Found an ornate altar of the Wu Jian Council.
  1653 | D:3      | Gained mutation: Your natural rate of healing is unusually
                  | fast. [Vine Stalker growth]
  1653 | D:3      | Reached XP level 4. HP: 24/24 MP: 5/5
  1820 | D:3      | Noticed Jessica
  1973 | D:3      | Killed Jessica
  1974 | D:3      | Reached XP level 5. HP: 25/28 MP: 6/6
  2133 | D:3      | Identified the ring "Cacsoewn" {Fire Str+4}
  2315 | D:3      | Found a sacrificial altar of Ru.
  2464 | D:4      | Noticed a phantom
  2476 | D:4      | Killed a phantom
  2477 | D:4      | Reached XP level 6. HP: 33/33 MP: 7/7
  2604 | D:4      | Found a white marble altar of Elyvilon.
  2775 | D:4      | Found a hazy altar of Hepliaklqana.
  2831 | D:5      | Entered Level 5 of the Dungeon
  2876 | D:5      | Reached XP level 7. HP: 37/37 MP: 8/8
  2938 | D:5      | Found a burning altar of Makhleb.
  3004 | D:5      | Found a staircase to the Ecumenical Temple.
  3012 | Temple   | Entered the Ecumenical Temple
  3273 | D:5      | Found a shimmering blue altar of Sif Muna.
  3847 | D:5      | Slain by an ogre

Illustrated notes

Levels and vault maps discovered:
D:1:      dpeg_arrival_tiny_a, layout_basic,
          hellmonk_ecumenical_altar_leap_of_faith, grunt_decor_mini_mirrors,
          minmay_tripent
D:2:      layout_basic, kennysheep_cross_room, minmay_pentomino_x4
D:3:      layout_loops_ring, nicolae_wu_jian_wuxing_cycle, marbit_many_paths,
          uniq_jessica
D:4:      layout_rooms, lemuel_crystal_altar, elyvilon_altar_3, minivault_23
D:5:      layout_basic, lemuel_crystal_altar, mainiacjoe_overflow_paths,
          minmay_temple_entry_water_ring, minivault_25, kennysheep_nondescript,
          abandoned_shop, chequers_jeans
D:6:      layout_cave_pools, lemuel_tele_altar, lemuel_coloured_pillars_altar,
          mainiacjoe_overflow_swirl, corexii_shack, grunt_decor_cap
Temple:   cyrus_temple_forest

Skill      XL: |  1  2  3  4  5  6  7 |
---------------+----------------------+-----
Short Blades   | 2 3 4 |  4.2
Shields        | 3 4 |  4.7
Fighting       | 3 4 |  4.7
Armour         | 3 4 |  4.3

Action                   |  1- 3 |  4- 6 |  7- 9 || total
-------------------------+-------+-------+-------++-------
Melee: Rapier            |    95 |   124 |    74 ||   293
       Bite              |    16 |    42 |    46 ||   104
       Dagger            |       |       |    70 ||    70
  Use: Scroll            |     7 |     5 |     1 ||    13
       Potion            |       |     1 |       ||     1
Armor: Scale mail        |    40 |    52 |    76 ||   168
Dodge: Dodged            |    41 |    56 |    49 ||   146
Block: Buckler           |    22 |    26 |    37 ||    85
